 Dungeon Sprint DCSS version 0.16-a0-3761-g2321f2b (console) character file.

9490 Monkaria the Brawler (level 11, -7/157 HPs)
             Began as a Troll Monk on Jan 24, 2015.
             Was the Champion of Cheibriados.
             Mangled by a demonic crawler (9 damage)
             ... in the Dungeon (Sprint I: "Red Sonja").
             The game lasted 00:12:16 (2028 turns).

Monkaria the Brawler (Troll Monk)                   Turns: 2028, Time: 00:12:17

Health: -7/157     AC:  4    Str: 45    XL:     11   Next: 23%
Magic:  1/20       EV: 18    Int: 16    God:    Cheibriados [******]
Gold:   553        SH:  0    Dex: 23    Spells: 0 memorised, 10 levels left

rFire  . . .     SeeInvis .       - Unarmed
rCold  . . .     Clarity  .     a - +0 robe
rNeg   . . .     SustAb   .     (shield restricted)
rPois  .         Gourm    +     (helmet restricted)
rElec  .         Spirit   .     (no cloak)
rCorr  .         Warding  .     (gloves unavailable)
rMut   .         NoTele   +     (boots unavailable)
MR     .....                    (no amulet)
Stlth  ..........               (no ring)
                                (no ring)

@: berserking, very slow, not resistant to hostile enchantments, extremely
unstealthy
A: unfitting armour, claws 3, talons 1, clumsy 2, deformed body, deterioration
1, dopey 2, fast metabolism 3, frail 1, gourmand, low mp 1, regeneration 2,
shaggy fur 1, tough skin 2, forlorn, MP-powered wands 1
a: Bend Time, Temporal Distortion, Slouch, Step From Time, Renounce Religion


You were in the Dungeon.
You worshipped Cheibriados.
Cheibriados was exalted by your worship.
You were not hungry.

You visited 1 branch You collected 1071 gold pieces.
You spent 518 gold pieces at shops.

Inventory:

Hand weapons
 l - a +0 blowgun
 n - a +0 shortbow
 q - the +7 short sword of Cowardice {vamp, rF- Str+3, unknown}
   (You found it in the Dungeon)

   It inflicts no extra harm, but heals its wielder somewhat when it strikes a
   living foe.
   It affects your strength (+3).
   It makes you vulnerable to fire.
Missiles
 j - 2 large rocks (quivered)
 k - 6 curare-tipped needles
 o - 7 arrows of frost
 p - 18 arrows
Armour
 a - a +0 robe (worn)
Magical staves
 s - an uncursed staff of air
Scrolls
 d - 6 scrolls of amnesia
 h - 3 scrolls of blinking
 i - 2 scrolls of identify
 u - a scroll of torment
 v - a scroll of fog
 w - a scroll of remove curse
 x - a scroll of enchant armour
 y - a scroll of enchant weapon
Potions
 c - 3 potions of curing
 e - a potion of haste
 f - 2 potions of magic
 A - a potion of agility
 B - a potion of might
Comestibles
 b - a meat ration


   Skills:
 - Level 10.0 Fighting
 - Level 9.1 Dodging
 - Level 1.1 Stealth
 - Level 18.4 Unarmed Combat
 + Level 12.0 Invocations


You had 10 spell levels left.
You didn't know any spells.

Dungeon Overview and Level Annotations

Branches:
Dungeon (1/1)

Altars:
Cheibriados
Dithmenos
Elyvilon
Fedhas
Gozag
Kikubaaqudgha
Makhleb
Nemelex Xobeh
Okawaru
Qazlal
Ru
Sif Muna
Trog
Vehumet
Xom
Yredelemnul
Zin
The Shining One
Jiyva

Shops:
D %*[:(((*?:[(:(*!=!}[}


Innate Abilities, Weirdness & Mutations

You are too large for most types of armour.
You have claws for hands.
Your metabolism is lightning-fast.
You like to eat raw meat.
You heal very quickly.
You are covered in fur (AC +1).
You have very tough skin (AC +2).
You have sharp toenails.
You are very clumsy. (Dex -4)
Armour fits poorly on your strangely shaped body.
Your body is slowly deteriorating.
You are very dopey. (Int -4)
You are frail (-10% HP).
Your magical capacity is low (-10% MP).
You have difficulty communicating with the divine.
You expend magic power (3 MP) to slightly strengthen your wands.


Message History

The demonic crawler hits you!
* * * LOW HITPOINT WARNING * * *
The demonic crawler misses you.
You mangle the demonic crawler!!
You kill the demonic crawler!
Cheibriados thoroughly appreciates the change of pace.
Cheibriados seems mollified.
Cheibriados restores the support of your attributes.
Your Invocations skill increases to level 12!
The demonic crawler misses you. The demonic crawler barely misses you.
The demonic crawler hits you.
* * * LOW HITPOINT WARNING * * *
You scratch the demonic crawler. You claw the demonic crawler.
The demonic crawler is heavily wounded.
The demonic crawler hits you!
* * * LOW HITPOINT WARNING * * *
The demonic crawler misses you. The demonic crawler hits you.
* * * LOW HITPOINT WARNING * * *
The demonic crawler hits you!
You die...

#################****************
#..'..#__#..'...#,,*,,,,+,,,,,,+,
').#..'..').#.).##+#,****,,,,,**,
#####'#__####...@s.#,*,***,,,****
#...#.####.§#####s.+,*+*,***+*,,,
#..##.#≈§§.§#..#*+##**,,,*,*,**,,
##'#.§§§≈§§.'..#,,,,,*,,,***,,***
.'..._#≈≈≈.§#..#,,,,,+,,,,,**,*,*
##_.#'##§#####'###,,,*,,,,,*,,***
###'#.#.§§.###.'.#,,,***++**,**,,
###)####'###.###.#,,***,,***,,*+*
.'...'.....'(∩##.#,,****,,***,,,*


You could see 2 demonic crawlers.

Vanquished Creatures
  2 centaur warriors (D)
  2 unseen horrors (D)
  A deep troll (D)
  8 shining eyes (D)
  An oklob plant (D)
  2 kobold demonologists (D)
  2 demonic crawlers (D)
  Sonja (D)
  A slime creature (D)
  4 trapdoor spiders (D)
  A yak (D)
  A wasp (D)
  7 necrophages (D)
  An ogre (D)
  Sigmund (D)
  8 jellies (D)
  2 iron imps (D)
  Ijyb (D)
  A shadow imp (D)
  6 giant eyeballs (D)
  An ufetubus (D)
  A giant spore (D)
  2 ballistomycetes (D)
57 creatures vanquished.

Vanquished Creatures (others)
  A gargoyle (D)
  A giant spore (D)
2 creatures vanquished.

Grand Total: 59 creatures vanquished

Notes
Turn   | Place    | Note
--------------------------------------------------------------
     0 | D        | Monkaria, the Troll Monk, began the quest for the Orb.
     0 | D        | Reached XP level 1. HP: 22/22 MP: 1/1
     1 | D        | Noticed Ijyb
    15 | D        | Killed Ijyb
    15 | D        | Reached XP level 2. HP: 21/33 MP: 1/1
    40 | D        | Noticed an ogre
    46 | D        | Killed an ogre
    46 | D        | Reached skill level 7 in Fighting
    46 | D        | Reached XP level 3. HP: 38/48 MP: 2/2
    46 | D        | Reached XP level 4. HP: 45/57 MP: 2/2
    65 | D        | Noticed Sigmund
    75 | D        | Killed Sigmund
    75 | D        | Reached XP level 5. HP: 47/63 MP: 2/2
   112 | D        | Found a snail-covered altar of Cheibriados.
   112 | D        | Found a viscous altar of Jiyva.
   112 | D        | Found a shadowy altar of Dithmenos.
   112 | D        | Found a blossoming altar of Fedhas.
   112 | D        | Noticed a slime creature
   121 | D        | Killed a slime creature
   121 | D        | Reached skill level 11 in Unarmed Combat
   121 | D        | Reached XP level 6. HP: 48/72 MP: 3/3
   159 | D        | Found a deep blue altar of Sif Muna.
   160 | D        | Noticed a jelly
   161 | D        | Found a radiant altar of Vehumet.
   165 | D        | Killed a jelly
   190 | D        | Found Temeyte's Book Emporium.
   190 | D        | Found a white marble altar of Elyvilon.
   190 | D        | Found a stormy altar of Qazlal.
   190 | D        | Found a basalt altar of Yredelemnul.
   190 | D        | Found an iron altar of Okawaru.
   190 | D        | Found a sparkling altar of Nemelex Xobeh.
   190 | D        | Found a shimmering altar of Xom.
   190 | D        | Found an ancient bone altar of Kikubaaqudgha.
   190 | D        | Noticed a yak
   191 | D        | Found a burning altar of Makhleb.
   191 | D        | Found a sacrificial altar of Ru.
   191 | D        | Found a glowing golden altar of the Shining One.
   191 | D        | Found an opulent altar of Gozag.
   191 | D        | Found a glowing silver altar of Zin.
   197 | D        | Killed a yak
   197 | D        | Reached skill level 12 in Unarmed Combat
   197 | D        | Reached XP level 7. HP: 57/79 MP: 3/3
   198 | D        | Found a bloodstained altar of Trog.
   224 | D        | Became a worshipper of Cheibriados the Contemplative
   235 | D        | Noticed Sonja
   239 | D        | Killed Sonja
   273 | D        | Found Idetoud's Food Boutique.
   294 | D        | Noticed a deep troll
   303 | D        | Killed a deep troll
   303 | D        | Reached XP level 8. HP: 24/88 MP: 3/3
   514 | D        | Noticed a centaur warrior
   535 | D        | Noticed a centaur warrior
   559 | D        | Killed a centaur warrior
   559 | D        | Acquired Cheibriados' first power
   618 | D        | Killed a gargoyle
   643 | D        | Noticed a wasp
   649 | D        | Killed a wasp
   655 | D        | HP: 3/88 [centaur warrior (9)]
   657 | D        | Killed a centaur warrior
   657 | D        | Reached skill level 10 in Invocations
   657 | D        | Reached XP level 9. HP: 3/96 MP: 12/20
   800 | D        | Noticed an oklob plant
   803 | D        | Killed an oklob plant
   803 | D        | Acquired Cheibriados' second power
   830 | D        | Found Miaj's Armour Emporium.
   923 | D        | Noticed a shining eye
   923 | D        | Noticed a shining eye
   924 | D        | Paralysed by a giant eyeball for 2 turns
   925 | D        | Noticed a shining eye
   927 | D        | Gained mutation: You are dopey. (Int -2) [a shining eye]
   927 | D        | Gained mutation: You are very dopey. (Int -4) [a shining eye]
   931 | D        | Killed a shining eye
   931 | D        | Reached skill level 13 in Unarmed Combat
   933 | D        | Paralysed by a giant eyeball for 2 turns
   934 | D        | Gained mutation: You are clumsy. (Dex -2) [a shining eye]
   935 | D        | Gained mutation: You have sharp toenails. [a shining eye]
   937 | D        | Killed a shining eye
   937 | D        | Acquired Cheibriados' third power
   937 | D        | Reached skill level 14 in Unarmed Combat
   939 | D        | Noticed a shining eye
   939 | D        | Noticed a shining eye
   939 | D        | Noticed a shining eye
   941 | D        | Gained mutation: You are very clumsy. (Dex -4) [a shining eye]
   942 | D        | Killed a shining eye
   942 | D        | Reached XP level 10. HP: 107/107 MP: 21/21
   947 | D        | Paralysed by a giant eyeball for 4 turns
   956 | D        | Killed a shining eye
   956 | D        | Reached skill level 15 in Unarmed Combat
   956 | D        | Gained mutation: Your body is slowly deteriorating. [a shining eye]
   961 | D        | Killed a shining eye
   962 | D        | Gained mutation: Armour fits poorly on your strangely shaped body. [a shining eye]
   966 | D        | Killed a shining eye
   966 | D        | Reached skill level 16 in Unarmed Combat
   969 | D        | Noticed a shining eye
   969 | D        | Paralysed by a giant eyeball for 4 turns
   971 | D        | Gained mutation: Your magical capacity is low (-10% MP). [a shining eye]
   973 | D        | Noticed a shining eye
   977 | D        | Killed a shining eye
   978 | D        | Paralysed by a giant eyeball for 4 turns
   980 | D        | Gained mutation: You have difficulty communicating with the divine. [a shining eye]
   981 | D        | Gained mutation: You expend magic power (3 MP) to slightly strengthen your wands. [a shining eye]
   984 | D        | Killed a shining eye
   987 | D        | Paralysed by a giant eyeball for 2 turns
  1002 | D        | Found Qokhavol's Weapon Shop.
  1002 | D        | Found Kot Chiuh's Antique Weapon Boutique.
  1003 | D        | Found Blivuc's General Store.
  1003 | D        | Found Pnaa's Armour Emporium.
  1008 | D        | Bought a scroll of identify for 28 gold pieces
  1062 | D        | Noticed a trapdoor spider
  1064 | D        | Killed a trapdoor spider
  1064 | D        | Reached skill level 17 in Unarmed Combat
  1067 | D        | Noticed a trapdoor spider
  1070 | D        | Killed a trapdoor spider
  1191 | D        | Noticed a trapdoor spider
  1192 | D        | Killed a trapdoor spider
  1193 | D        | Noticed a trapdoor spider
  1195 | D        | Killed a trapdoor spider
  1311 | D        | Killed an unseen horror
  1311 | D        | Reached skill level 18 in Unarmed Combat
  1319 | D        | HP: 4/107 [something (7)]
  1526 | D        | Noticed a jelly
  1526 | D        | Noticed a jelly
  1526 | D        | Noticed a jelly
  1526 | D        | Noticed a jelly
  1541 | D        | Killed an unseen horror
  1656 | D        | Noticed a jelly
  1656 | D        | Noticed a jelly
  1656 | D        | Noticed a jelly
  1661 | D        | Killed a jelly
  1661 | D        | Reached XP level 11. HP: 111/115 MP: 19/19
  1663 | D        | Killed a jelly
  1664 | D        | Killed a jelly
  1667 | D        | Killed a jelly
  1675 | D        | Killed a jelly
  1676 | D        | Noticed a necrophage
  1677 | D        | Noticed a necrophage
  1684 | D        | Killed a necrophage
  1693 | D        | Killed a jelly
  1696 | D        | Noticed a necrophage
  1696 | D        | Killed a jelly
  1700 | D        | Killed a necrophage
  1702 | D        | Killed a necrophage
  1703 | D        | Noticed a necrophage
  1703 | D        | Noticed a necrophage
  1704 | D        | Noticed a necrophage
  1710 | D        | Killed a necrophage
  1716 | D        | Noticed a necrophage
  1718 | D        | Killed a necrophage
  1720 | D        | Killed a necrophage
  1720 | D        | Reached skill level 10 in Fighting
  1724 | D        | Killed a necrophage
  1726 | D        | Got a warped short sword
  1750 | D        | Found Ghiddoag's Assorted Antiques.
  1750 | D        | Found Tramafeiv's Antique Weapon Shop.
  1750 | D        | Found Haihoed's Magic Scroll Boutique.
  1752 | D        | Found Idaum's Book Emporium.
  1752 | D        | Found Koucs' Armour Shop.
  1752 | D        | Found Archocs' Antique Weapon Shoppe.
  1752 | D        | Found Khiab's Book Boutique.
  1752 | D        | Found Suicvewi's Antique Weapon Emporium.
  1752 | D        | Found Pluxt's General Store.
  1752 | D        | Found Ashraqaj's Distillery.
  1752 | D        | Found Umahegra's Jewellery Boutique.
  1753 | D        | Bought a scroll labeled STEENE GROI for 26 gold pieces
  1755 | D        | Bought a scroll of identify for 20 gold pieces
  1755 | D        | Bought a scroll of identify for 20 gold pieces
  1755 | D        | Bought a scroll of remove curse for 30 gold pieces
  1755 | D        | Bought a scroll of enchant armour for 75 gold pieces
  1755 | D        | Bought a scroll of enchant weapon for 75 gold pieces
  1755 | D        | Found Qacveid's Gadget Emporium.
  1755 | D        | Found Fealeuja's Distillery.
  1756 | D        | Found Wara's Gadget Emporium.
  1761 | D        | Bought a potion of curing for 42 gold pieces
  1762 | D        | Bought a potion of mutation for 32 gold pieces
  1762 | D        | Bought a potion of curing for 39 gold pieces
  1762 | D        | Bought a potion of curing for 39 gold pieces
  1762 | D        | Bought a potion of agility for 52 gold pieces
  1767 | D        | Bought a potion of might for 40 gold pieces
  1771 | D        | Gained mutation: Your magical capacity is very low (-20% MP). [potion of mutation]
  1771 | D        | Gained mutation: You are frail (-10% HP). [potion of mutation]
  1836 | D        | Noticed a kobold demonologist
  1837 | D        | Noticed a kobold demonologist
  1839 | D        | Paralysed by a giant eyeball for 4 turns
  1845 | D        | Paralysed by a giant eyeball for 3 turns
  1852 | D        | Killed a kobold demonologist
  1867 | D        | Killed a kobold demonologist
  2001 | D        | Lost mutation: Your magical capacity is very low (-20% MP). [helix card]
  2004 | D        | Drew Focus: Str increased to 25, Int decreased to 5
  2021 | D        | Noticed a demonic crawler
  2021 | D        | Noticed a demonic crawler
  2021 | D        | Noticed a demonic crawler
  2021 | D        | Noticed a demonic crawler
  2025 | D        | Killed a demonic crawler
  2026 | D        | Was placed under penance by Cheibriados
  2027 | D        | Killed a demonic crawler
  2027 | D        | Was forgiven by Cheibriados
  2028 | D        | HP: 5/157 [demonic crawler (13)]
  2028 | D        | HP: 2/157 [demonic crawler (3)]
  2028 | D        | Mangled by a demonic crawler

Action                   |  1- 3 |  4- 6 |  7- 9 | 10-12 || total
-------------------------+-------+-------+-------+-------++-------
Melee: Unarmed           |    18 |    26 |    31 |    83 ||   158
 Fire: Blowgun           |       |       |     2 |       ||     2
       Shortbow          |       |       |     2 |       ||     2
Throw: Large rock        |       |       |     5 |       ||     5
Invok: Bend Time         |       |       |     1 |       ||     1
       Slouch            |       |       |       |     2 ||     2
       Step From Time    |       |       |       |     1 ||     1
Evoke: Deck              |       |       |       |     4 ||     4
  Use: Potion            |       |       |     1 |     6 ||     7
       Scroll            |       |       |       |     4 ||     4
 Stab: Sleeping          |       |     1 |     2 |       ||     3
       Distracted        |       |       |       |     1 ||     1
  Eat: Chunk             |       |     4 |       |       ||     4
       Meat ration       |       |       |       |     1 ||     1
       Bread ration      |       |       |       |     1 ||     1
